AoeStats
← crtolino93

MegaRandom

504264705Analyzed
4v4 RM · 28d ago on Sep 4, 2026· 87m 41s· 8 players
Game mode
Random Map
Map size
Large (8 player)
Population
200
Speed
Normal
Resources
Standard
Victory
Conquest
Starting age
Dark Age
Ending age
Imperial Age
RankedLock teamsTeams togetherTeam positionsShared explorationLock speedFull tech treeHidden civsTurbo modeCheats
Victory
Defeat
🇫🇮 Armenians · Finland
1149
+16
🇬🇧 Georgians · United Kingdom
1113
+17
🇸🇪 Chinese · Sweden
1065
+19
🇸🇪 Magyars · Sweden
962
+24
🇸🇮 Franks · Slovenia
1146
-19
🇵🇱 Japanese · Poland
1144
-19
🇦🇷 Mongols · Argentina
1141
-19
🇲🇽 Jurchens · Mexico
1134
-19
EssLaBoa
1:56 Loom
11:59 Feudal Age
11:12 Loom
13:09 Double-Bit Axe
16:01 Castle Age
14:51 Wheelbarrow
18:16 Fletching
19:10 Gold Mining
19:24 Horse Collar
20:16 Bodkin Arrow
25:32 Padded Archer Armor
29:14 Siege Engineers
30:40 Ballistics
31:14 Fishing Lines
32:02 Hand Cart
31:33 Town Watch
34:35 Bow Saw
37:05 Gold Shaft Mining
36:20 Stone Mining
36:38 Heavy Plow
39:18 Pikeman
40:00 Squires
44:11 Imperial Age
41:34 Gillnets
47:16 Forging
47:08 Bracer
47:23 Leather Archer Armor
48:50 Fortified Bastions
50:46 Chemistry
50:45 Scale Mail Armor
53:47 Caravan
56:29 Halberdier
Firkrag
9:52 Loom
12:05 Feudal Age
13:12 Double-Bit Axe
17:26 Castle Age
16:26 Horse Collar
25:30 Heavy Plow
29:42 Scale Mail Armor
30:12 Town Watch
31:31 Wheelbarrow
34:13 Imperial Age
32:23 Chain Mail Armor
32:19 Forging
32:12 Squires
32:02 Arson
33:42 Town Patrol
33:39 Gambesons
34:34 Iron Casting
33:49 Fletching
34:53 Elite Samurai
36:26 Hoardings
36:11 Conscription
37:24 Hand Cart
37:48 Bow Saw
38:16 Plate Mail Armor
37:42 Bodkin Arrow
44:46 Blast Furnace
43:49 Caravan
44:44 Bracer
50:02 Chemistry
49:13 Masonry
51:10 Two-Man Saw
52:07 Ballistics
51:58 Padded Archer Armor
crtolino93
2:33 Loom
10:37 Feudal Age
11:51 Double-Bit Axe
15:46 Castle Age
20:37 Wheelbarrow
22:09 Bow Saw
22:59 Scale Barding Armor
25:01 Hand Cart
25:41 Husbandry
26:05 Gold Mining
26:36 Chain Barding Armor
26:09 Stone Mining
31:12 Imperial Age
28:30 Town Watch
30:11 Forging
29:52 Fletching
30:51 Gold Shaft Mining
31:48 Cavalier
33:06 Plate Barding Armor
33:10 Iron Casting
33:07 Conscription
36:06 Blast Furnace
36:41 Paladin
40:12 Chivalry
42:19 Hoardings
45:20 #83
50:06 Caravan
50:37 Coinage
69:09 Padded Archer Armor
69:06 Bodkin Arrow
69:13 Scale Mail Armor
71:00 Leather Archer Armor
72:23 Murder Holes
73:25 Ballistics
73:39 Elite Skirmisher
75:07 Light Cavalry
MERA_elBalma
7:36 Loom
9:26 Feudal Age
10:28 Double-Bit Axe
12:24 Forging
18:59 Castle Age
18:39 Bloodlines
20:45 Bow Saw
20:52 Gold Mining
22:52 Horse Collar
27:51 Stone Mining
28:33 Scale Barding Armor
31:06 Wheelbarrow
31:32 Iron Casting
36:05 Imperial Age
33:51 Hand Cart
33:31 Fletching
34:25 Husbandry
35:23 Bodkin Arrow
35:28 Padded Archer Armor
36:30 Gold Shaft Mining
36:11 Town Watch
37:17 Conscription
37:42 Elite Mangudai
39:40 Leather Archer Armor
40:29 Bracer
42:20 Drill
42:31 Thumb Ring
42:52 Parthian Tactics
43:29 Capped Ram
45:29 Siege Ram
48:56 Chemistry
48:03 Siege Engineers
49:17 Light Cavalry
51:12 Chain Barding Armor
Wegason
7:15 Loom
9:45 Feudal Age
11:35 Double-Bit Axe
20:31 Castle Age
18:47 Bloodlines
19:42 Horse Collar
20:32 Scale Barding Armor
20:56 Town Watch
22:04 Husbandry
25:58 Wheelbarrow
26:04 Chain Barding Armor
27:49 Gold Mining
27:50 Stone Mining
28:58 Bow Saw
31:07 Forging
32:53 Heavy Plow
37:00 Imperial Age
35:42 Fletching
35:52 Murder Holes
37:36 Svan Towers
38:57 Chemistry
41:09 Plate Barding Armor
41:09 Iron Casting
41:20 Conscription
41:34 Bodkin Arrow
43:00 Hand Cart
43:22 Padded Archer Armor
44:33 Blast Furnace
43:09 Elite Skirmisher
43:52 Padded Archer Armor
45:00 Bracer
45:33 Ballistics
47:00 Elite Monaspa
48:14 Light Cavalry
49:31 Hussar
51:36 Guard Tower
52:11 Svan Towers
55:17 Leather Archer Armor
59:19 Aznauri Cavalry
64:32 Crop Rotation
64:18 Capped Ram
65:41 Treadmill Crane
66:06 Siege Engineers
66:14 Masonry
69:30 Caravan
69:44 Guilds
70:21 Siege Ram
75:48 Architecture
75:22 Pikeman
76:03 Squires
76:04 Scale Mail Armor
77:35 Keep
76:46 Arrowslits
79:24 Chain Mail Armor
79:31 Halberdier
84:04 Careening
84:04 Clinker Construction
J.D.Rehn
8:57 Loom
11:24 Feudal Age
11:59 Double-Bit Axe
13:01 Horse Collar
15:22 Wheelbarrow
22:26 Castle Age
21:04 Gold Mining
22:40 Fletching
22:51 Padded Archer Armor
23:40 Hand Cart
23:11 Town Watch
23:42 Bow Saw
23:15 Crossbowman
24:23 Bodkin Arrow
25:11 Ballistics
30:30 Leather Archer Armor
33:18 Thumb Ring
34:40 Gold Shaft Mining
46:19 Elite Skirmisher
59:08 Pikeman
61:43 Scale Mail Armor
61:54 Forging
64:30 Stone Mining
69:21 Chain Mail Armor
69:42 Iron Casting
72:56 Squires
72:41 Arson
74:39 Caravan
75:41 Light Cavalry
76:31 Bloodlines
81:57 Imperial Age
FedSmoker
10:41 Feudal Age
11:10 Double-Bit Axe
18:14 Loom
21:05 Castle Age
20:55 Horse Collar
39:01 Imperial Age
36:19 Town Watch
38:18 Scale Barding Armor
38:12 Fletching
38:25 Padded Archer Armor
38:39 Bloodlines
38:29 Husbandry
37:50 Light Cavalry
39:22 Thumb Ring
39:26 Elite Skirmisher
41:14 Scale Mail Armor
41:50 Caravan
44:20 Conscription
47:18 Pikeman
50:06 Ballistics
51:04 Chemistry
71:41 Wheelbarrow
raaka-arska666
6:37 Loom
9:00 Feudal Age
13:39 Castle Age
14:41 Double-Bit Axe
15:25 Horse Collar
25:06 Man-at-Arms
25:32 Gambesons
26:53 Scale Mail Armor
27:17 Town Watch
28:07 Wheelbarrow
27:26 Long Swordsman
28:08 Squires
28:51 Chain Mail Armor
29:26 Bow Saw
29:43 Hand Cart
28:55 Two-Handed Swordsman
30:42 Forging
31:42 Champion
33:16 Iron Casting
37:40 Imperial Age
36:05 Masonry
35:51 Murder Holes
38:16 Fletching
39:18 Plate Mail Armor
39:49 Blast Furnace
38:37 Arson
39:22 Conscription
39:44 Hoardings
43:52 Fereters
44:40 Bodkin Arrow
44:46 Padded Archer Armor
45:18 Elite Skirmisher
46:03 Bracer
47:44 Ballistics
48:25 Chemistry
49:50 Leather Archer Armor
51:10 Pikeman
55:33 Halberdier
59:17 Ring Archer Armor
58:58 Town Patrol
61:46 Caravan
64:32 Scale Barding Armor
86:54 Bombard Tower
86:25 Heated Shot
86:45 Fortified Wall
86:26 Guard Tower
86:38 Atonement
86:48 Redemption
86:49 Fervor
86:55 Block Printing
87:05 Illumination
86:40 Devotion
86:40 Stone Mining
86:40 Gold Mining
86:55 Heavy Plow
Connection lost

Rejoining the realm…

Still unreachable

The connection could not be restored.

Session expired

The server has moved on; the page needs a fresh start.